Map: Cactus Valley LE (Void)

Players

Scribble

  • Race: Zerg Zerg

Puppytherapy - Winner!

  • Race: Protoss Protoss

VOD

Have the link to the VOD?

Description

Time

  • Played on: May 3, 2015, 4:25 p.m.
  • Length: 6:30
Show
View Real Time Build Order
Export as new Build Order

Scribble Zerg 

Build Orders: Hatch First 

Get SALT Encoding   

  12  0:01  Drone  
  13  0:12  Overlord  
  13  0:19  Drone  
  14  0:31  Drone x2  
  16  0:36  Drone  
  17  0:45  Drone  
  18  0:57  Hatchery  
  17  1:09  Drone x2  
  19  1:17  Overlord  
  19  1:28  Drone  
  20  1:38  Drone  
  20  1:39  Spawning Pool  
  20  1:52  Drone  
  21  1:55  Hatchery  
  21  2:00  Drone  
  21  2:09  Drone  
  21  2:10  Overlord  
  22  2:26  Queen x2  
  22  2:27  Zergling x4  
  28  2:30  Drone  
  28  2:33  Drone  
  30  2:41  Drone  
  30  2:43  Drone  
  32  2:50  Extractor x2  
  30  2:51  Drone  
  30  2:54  Drone  
  32  3:01  Queen  
  32  3:02  Drone, Queen  
  32  3:04  Drone  
  38  3:09  Overlord  
  38  3:14  Drone  
  38  3:15  Drone  
  38  3:18  Drone  
  41  3:24  Drone  
  42  3:29  Drone  
  42  3:30  Drone  
  42  3:34  Drone x3  
  46  3:42  Roach Warren  
  45  3:52  Metabolic Boost  
  45  3:54  Queen  
  47  4:00  Zergling x2  
  47  4:01  Zergling x10  
  53  4:04  Drone  
  53  4:05  Drone  
  53  4:07  Drone  
  53  4:09  Drone  
  57  4:10  Drone  
  57  4:14  Overlord  
  58  4:18  Overlord  
  58  4:27  Lair  
  58  4:28  Evolution Chamber  
  56  4:38  Overlord  
  56  4:39  Drone x5  
  56  4:41  Drone  
  56  4:42  Drone  
  56  4:43  Drone  
  56  4:45  Drone  
  65  4:46  Drone  
  66  4:56  Roach x2  
  66  4:58  Roach  
  72  5:02  Roach  
  72  5:03  Roach  
  76  5:08  Roach  
  76  5:09  Roach  
  80  5:15  Roach  
  79  5:27  Roach x2  
  81  5:32  Roach  
  80  5:37  Overlord  
  80  5:38  Drone  
  80  5:39  Drone, Overlord x4, Extractor x2  
  80  5:40  Overlord  
  80  5:44  Overseer  
  80  5:45  Overlord x3  
  80  5:57  Drone  
  81  6:00  Hatchery  
  81  6:01  Drone x4  
  81  6:02  Drone  
  81  6:03  Drone  
  86  6:04  Extractor  
  86  6:06  Extractor  
  86  6:09  Infestation Pit  
Show
View Real Time Build Order
Export as new Build Order

Puppytherapy Protoss - Winner!

Build Orders:  

Get SALT Encoding   

  12  0:01  Probe  
  13  0:15  Pylon  
  13  0:18  Probe  
  14  0:33  Probe (Chrono Boost)  
  14  0:35  Gateway  
  15  0:46  Probe (Chrono Boost)  
  15  0:48  Assimilator  
  16  0:53  Probe (Chrono Boost)  
  17  1:03  Probe (Chrono Boost)  
  18  1:15  Probe (Chrono Boost)  
  19  1:22  Cybernetics Core, Probe (Chrono Boost)  
  20  1:29  Zealot  
  22  1:47  Pylon  
  22  1:55  Nexus  
  22  1:59  Warp Gate (Chrono Boost)  
  22  2:19  Mothership Core  
  24  2:23  Gateway  
  24  2:24  Gateway  
  24  2:34  Gateway  
  25  2:44  Probe (Chrono Boost)  
  25  2:53  Assimilator  
  25  2:56  Probe (Chrono Boost)  
  26  3:03  Probe (Chrono Boost)  
  27  3:08  Probe  
  28  3:18  Probe  
  29  3:20  Probe  
  30  3:28  Stalker (Chrono Boost)  
  30  3:30  Probe  
  30  3:32  Probe  
  34  3:46  Probe  
  34  3:47  Probe  
  36  3:49  Pylon  
  36  3:50  Twilight Council  
  36  4:02  Pylon  
  36  4:07  Probe x2  
  38  4:20  Zealot x4  
  46  4:27  Probe x2  
  46  4:39  Probe x2  
  46  4:41  Dark Shrine  
  48  4:45  Zealot x2  
  48  4:49  Pylon  
  48  4:51  Pylon  
  52  5:00  Pylon  
  53  5:07  Probe  
  53  5:10  Pylon  
  53  5:11  Zealot  
  53  5:12  Zealot x3  
  62  5:21  Probe x2  
  62  5:26  Assimilator  
  51  5:31  Assimilator  
  51  5:33  Probe, Forge  
  44  5:41  Zealot  
  44  5:42  Sentry x3  
  52  5:43  Probe  
  52  5:45  Probe  
  54  5:59  Probe x2  
  54  6:03  Dark Templar x3  
  62  6:11  Probe  
  62  6:12  Probe  
  62  6:15  Robotics Facility  
  64  6:20  Dark Templar  
Tags
 
Add a new tag
Caveats
  • Supply blocks, unpowered buildings, or Contaminate may cause inaccurate times.
  • Supply counts are checked every 10 seconds.